 Dungeon Crawl Stone Soup version 0.29-a0-472-ge5599a681e (webtiles) character file.

Game seed: 14447045562992844897

3119 Zonian the Frost Mage (level 9, -9/66 HPs)
             Began as a Gnoll Ice Elementalist on May 22, 2022.
             Was a Believer of Kikubaaqudgha.
             Killed from afar by a manticore (12 damage)
             ... with a volley of spikes
             ... on level 8 of the Dungeon on May 23, 2022.
             The game lasted 00:18:31 (10625 turns).

Zonian the Frost Mage (Gnoll Ice Elementalist)     Turns: 10625, Time: 00:18:33

Health: -9/66      AC:  9    Str:  7    XL:     9   Next: 91%
Magic:  13/19      EV: 15    Int: 17    God:    Kikubaaqudgha [**....]
Gold:   369        SH:  0    Dex: 15    Spells: 13/21 levels left

rFire   . . .      SeeInvis .   F - +7 trident (flame)
rCold   . . .      Faith    .   (no shield)
rNeg    . . .      Spirit   .   a - +0 robe
rPois   .          Reflect  .   j - +0 helmet
rElec   .          Harm     .   e - +0 cloak
rCorr   .          Rampage  .   l - +2 pair of gloves
Will    .....                   r - +0 pair of boots
Stlth   ++........              (no amulet)
HPRegen 0.21/turn               (no ring)
MPRegen 0.16/turn               (no ring)

@: spiked, very slow
A: fangs 1, strong nose, distributed training
a: Renounce Religion, Unearth Wretches


You were on level 8 of the Dungeon.
You worshipped Kikubaaqudgha.
Kikubaaqudgha was pleased with you.
You visited 1 branch of the dungeon, and saw 8 of its levels.

You collected 369 gold pieces.

Inventory:

Hand Weapons
 i - a +2 dagger of speed
 q - a +1 trident of protection
 E - a +5 whip of freezing
 F - a +7 trident of flaming (weapon)
Missiles
 h - 10 javelins
 n - 6 silver javelins
Armour
 a - a +0 robe (worn)
 e - a +0 cloak (worn)
 f - a +0 pair of gloves
 j - a +0 helmet (worn)
 l - a +2 pair of gloves (worn)
 r - a +0 pair of boots (worn)
 y - a +1 scale mail of cold resistance
Jewellery
 m - a ring of flight
 t - a +6 ring of intelligence
Wands
 v - a wand of acid (3)
 D - a wand of paralysis (12)
Scrolls
 d - 2 scrolls of immolation
 k - 2 scrolls of identify
 o - 2 scrolls of amnesia
 p - 2 scrolls of brand weapon
 u - 2 scrolls of teleportation
 A - 2 scrolls of fear {unknown}
 C - a scroll of magic mapping {unknown}
Potions
 b - 2 potions of magic
 c - 8 potions of curing
 s - a potion of lignification {unknown}
 w - 3 potions of mutation {unknown}
 x - 2 potions of ambrosia {unknown}
 z - a potion of attraction {unknown}
 B - a potion of berserk rage {unknown}


   Skills:
 + Level 4.7 Fighting
 + Level 4.7 Short Blades
 + Level 4.7 Long Blades
 + Level 4.7 Axes
 + Level 4.7 Maces & Flails
 + Level 4.7 Polearms
 + Level 4.7 Staves
 + Level 4.7 Slings
 + Level 4.7 Bows
 + Level 4.7 Crossbows
 + Level 4.7 Throwing
 + Level 4.7 Armour
 + Level 6.6 Dodging
 + Level 6.3 Stealth
 + Level 4.7 Shields
 + Level 4.7 Unarmed Combat
 + Level 6.9 Spellcasting
 + Level 3.9 Conjurations
 + Level 3.9 Hexes
 + Level 3.9 Summonings
 + Level 3.9 Necromancy
 + Level 3.9 Translocations
 + Level 3.9 Transmutations
 + Level 3.9 Fire Magic
 + Level 8.2 Ice Magic
 + Level 3.9 Air Magic
 + Level 3.9 Earth Magic
 + Level 3.9 Poison Magic
 + Level 5.1 Invocations
 + Level 4.7 Evocations


You had 13 spell levels left.
You knew the following spells:

 Your Spells              Type           Power      Damage    Failure   Level
a - Freeze                Ice            100%       1d11      1%          1
b - Frozen Ramparts       Ice            66%        1d8       1%          3
c - Ozocubu's Armour      Ice            33%        N/A       1%          3
d - Necrotize             Necr           76%        1d7       2%          1

Your spell library contained the following spells:

 Spells                   Type           Power      Damage    Failure   Level
 Apportation              Tloc           38%        N/A       2%          1
 Beastly Appendage        Tmut           38%        N/A       2%          1
 Shock                    Conj/Air       76%        1d7       2%          1
 Summon Small Mammal      Summ           76%        N/A       2%          1
 Sublimation of Blood     Necr           19%        N/A       3%          2
 Wereblood                Tmut           19%        N/A       3%          2
 Call Canine Familiar     Summ           19%        N/A       7%          3
 Portal Projectile        Hex/Tloc       38%        N/A       7%          3
 Spider Form              Tmut/Pois      19%        N/A       7%          3
 Summon Guardian Golem    Hex/Summ       19%        N/A       7%          3
 Swiftness                Air            19%        N/A       7%          3
 Vampiric Draining        Necr           19%        2d7       7%          3
 Hailstorm                Conj/Ice       26%        3d7       10%         4
 Airstrike                Air            9%         N/A       24%         4
 Anguish                  Hex/Necr       9%         N/A       24%         4
 Leda's Liquefaction      Hex/Erth       9%         N/A       24%         4


Dungeon Overview and Level Annotations

Branches:
Dungeon (8/15)             Temple (0/1) D:6
   Lair: D:8-11

Altars:
Fedhas
Kikubaaqudgha
Okawaru
Qazlal
Uskayaw
Xom
Yredelemnul
Zin

Annotations:
D:3 2 transporters, benadryl's ghost, amateur DsEE


Innate Abilities, Weirdness & Mutations

You have very sharp teeth.
Your uncanny sense of smell can sniff out nearby items.
Your experience applies equally to all skills.


Message History

The centaur warrior kicks you but does no damage.
Unknown command.
You puncture the centaur warrior! You burn the centaur warrior.
You bite the centaur warrior, but do no damage.
The centaur warrior is heavily wounded.
The centaur warrior hits you but does no damage.
The centaur warrior completely misses you.
The centaur warrior barely misses you. x2
Unknown command.
You hit the centaur warrior. You burn the centaur warrior.
The centaur warrior is heavily wounded.
Your surroundings suddenly seem different.
Your icy armour cracks and falls away as you move.
Splash!
You fall into the shallow water.
Moving in this stuff is going to be slow.
Found a club, 18 gold pieces, a falchion and a scroll of amnesia.
The centaur warrior wields a +0 longbow.
The centaur warrior shoots an arrow.
The arrow hits you!!
* * * LOW HITPOINT WARNING * * *
Okay, then.
Aiming: Corrosive Bolt
Press: ? - help, Shift-Dir - straight line, f - centaur warrior
Aim: a centaur warrior, wielding a +0 longbow (heavily wounded, 81% to hit)
The bolt of acid hits the centaur warrior!!
The centaur warrior is almost dead.
Aiming: Corrosive Bolt
Press: ? - help, Shift-Dir - straight line, f/p - centaur warrior
Aim: a centaur warrior, wielding a +0 longbow (almost dead, 81% to hit)
The bolt of acid hits the centaur warrior!
The acid corrodes the centaur warrior!
You kill the centaur warrior!
Kikubaaqudgha accepts your kill.
The bolt of acid hits the manticore!
The acid corrodes the manticore!
The manticore is severely wounded.
The manticore flicks its tail.
The volley of spikes hits you!
The barbed spikes become lodged in your body.
You die...
Kikubaaqudgha rasps: "You have failed me!
Welcome... death!"

...##.#♣.♣♣♣#.# #.#
♣.♣
...##.#♣♣.♣♣#.#'#.#
♣.# ...##.#
♣♣.♣#♣..†♣# ♣#
....#.# ♣.♣♣ ♣♣H♣
....#.##### ##)## #
.......# ♣♣!.?♣♣
.♣♣ .....#.# .
♣.≈≈≈. )≈.♣#
.....#.#
≈≈≈.#≈≈≈#.≈≈≈.#
.....#.# .♣.≈≈@.♣
.....#.# ♣♣$.)♣♣
#....#.# #####
##...#># ##.##.#
#.# #.# #.# #.#


You could see a manticore (corroded).

Vanquished Creatures
  A centaur warrior (D:8)
  An ugly thing (D:8)
  Sigmund (D:6)
  A wraith (D:8)
  Menkaure (D:5)
  3 water moccasins
  2 ice beasts
  A sky beast (D:6)
  An orc warrior (D:6)
  2 centaurs (D:6)
  A phantom (D:6)
  A bullfrog (D:7)
  3 necrophages
  A gnoll sergeant (D:8)
  2 scorpions
  2 wights
  2 howler monkeys
  2 jellies
  2 gnoll shamans
  2 orc priests
  2 hounds
  3 iguanas
  16 gnolls
  15 adders
  2 shadow imps
  3 white imps
  3 worms
  3 dart slugs
  25 orcs
  7 endoplasms
  3 giant cockroaches
  5 goblins
  10 hobgoblins
  10 jackals
  3 quokkas (D:1)
  11 ball pythons
  9 bats
  3 frilled lizards (D:1)
  9 kobolds
  5 rats
179 creatures vanquished.

Vanquished Creatures (others)
  A centaur (D:6)
  A gnoll (D:7)
  A bat (D:7)
  7 fungi (D:6)
10 creatures vanquished.

Grand Total: 189 creatures vanquished

Notes
Turn   | Place    | Note
-------+----------+-------------------------------------------
     0 | D:1      | Zonian the Gnoll Ice Elementalist began the quest for the
                  | Orb.
     0 | D:1      | Reached XP level 1. HP: 13/13 MP: 6/6
   120 | D:1      | Reached XP level 2. HP: 19/19 MP: 5/7
   658 | D:1      | Reached XP level 3. HP: 25/25 MP: 9/9
   680 | D:1      | Reached skill level 5 in Spellcasting
   996 | D:1      | Reached skill level 1 in Invocations
  1169 | D:2      | Reached skill level 1 in Fighting
  1169 | D:2      | Reached skill level 1 in Short Blades
  1169 | D:2      | Reached skill level 1 in Long Blades
  1169 | D:2      | Reached skill level 1 in Axes
  1169 | D:2      | Reached skill level 1 in Maces & Flails
  1169 | D:2      | Reached skill level 1 in Polearms
  1169 | D:2      | Reached skill level 1 in Staves
  1169 | D:2      | Reached skill level 1 in Slings
  1169 | D:2      | Reached skill level 1 in Bows
  1169 | D:2      | Reached skill level 1 in Crossbows
  1169 | D:2      | Reached skill level 1 in Throwing
  1169 | D:2      | Reached skill level 1 in Armour
  1169 | D:2      | Reached skill level 1 in Shields
  1169 | D:2      | Reached skill level 1 in Unarmed Combat
  1169 | D:2      | Reached skill level 1 in Evocations
  1299 | D:2      | Reached XP level 4. HP: 32/32 MP: 8/11
  1403 | D:2      | Found a stormy altar of Qazlal.
  1429 | D:2      | Reached skill level 1 in Conjurations
  1429 | D:2      | Reached skill level 1 in Hexes
  1429 | D:2      | Reached skill level 1 in Summonings
  1429 | D:2      | Reached skill level 1 in Necromancy
  1429 | D:2      | Reached skill level 1 in Translocations
  1429 | D:2      | Reached skill level 1 in Transmutations
  1429 | D:2      | Reached skill level 1 in Fire Magic
  1429 | D:2      | Reached skill level 1 in Air Magic
  1429 | D:2      | Reached skill level 1 in Earth Magic
  1429 | D:2      | Reached skill level 1 in Poison Magic
  1432 | D:2      | Reached XP level 5. HP: 14/37 MP: 6/12
  1749 | D:2      | Learned a level 3 spell: Frozen Ramparts
  1753 | D:2      | Learned a level 3 spell: Ozocubu's Armour
  2840 | D:3      | Found a transporter.
  2842 | D:3      | Noticed benadryl's ghost (amateur DsEE)
  2843 | D:3      | Found a transporter.
  2931 | D:3      | Reached XP level 6. HP: 44/44 MP: 6/13
  3094 | D:3      | Found a faded altar of an unknown god.
  3283 | D:3      | Prayed at the altar of an unknown god.
  3283 | D:3      | Became a worshipper of Kikubaaqudgha
  3283 | D:3      | Reached * piety under Kikubaaqudgha
  3283 | D:3      | Received a gift from Kikubaaqudgha
  3286 | D:3      | Learned a level 1 spell: Necrotize
  3966 | D:4      | Reached skill level 5 in Dodging
  4913 | D:4      | Found a basalt altar of Yredelemnul.
  5662 | D:5      | Entered Level 5 of the Dungeon
  5711 | D:5      | Found an iron altar of Okawaru.
  6076 | D:5      | Reached XP level 7. HP: 50/50 MP: 11/15
  6708 | D:5      | Reached skill level 5 in Stealth
  6833 | D:5      | Noticed Menkaure
  6838 | D:5      | Killed Menkaure
  6846 | D:5      | Reached XP level 8. HP: 57/57 MP: 12/16
  7493 | D:6      | Found a staircase to the Ecumenical Temple.
  7710 | D:6      | Noticed Sigmund
  7717 | D:6      | Killed Sigmund
  7808 | D:6      | Reached ** piety under Kikubaaqudgha
  8181 | D:6      | Reached XP level 9. HP: 50/65 MP: 14/18
  8357 | D:6      | Found a shimmering altar of Xom.
  8913 | D:6      | Found a blossoming altar of Fedhas.
  9274 | D:7      | Reached skill level 8 in Ice Magic
  9908 | D:7      | Found a glowing silver altar of Zin.
 10212 | D:8      | Found a hide-covered altar of Uskayaw.
 10605 | D:8      | Noticed a red ugly thing
 10606 | D:8      | Noticed a centaur warrior
 10608 | D:8      | Noticed a manticore
 10615 | D:8      | Killed a red ugly thing
 10616 | D:8      | Reached skill level 5 in Invocations
 10623 | D:8      | HP: 2/66 [centaur warrior/arrow (21)]
 10625 | D:8      | Killed a centaur warrior
 10625 | D:8      | Killed from afar by a manticore

Illustrated notes

Levels and vault maps discovered:
D:1:      onia_arrival_mini_spirals, layout_basic,
          chequers_serial_rivers_micro_e, minmay_pentomino_u2
D:2:      layout_basic, basic_altar, grunt_ministairs_12
D:3:      layout_loops_ring, gammafunk_ghost_mausoleum,
          hellmonk_ecumenical_altar_inner_sanctum
D:4:      layout_layer_cave, yredelemnul_altar_generic
D:5:      layout_loops_ring, okawaru_trees_2, minmay_misc_feat_enclosed,
          uniq_menkaure
D:6:      layout_rooms, xom_confusion_cloud, fedhas_altar_3,
          minmay_temple_entry_slanted, minmay_between, uniq_sigmund
D:7:      layout_cave_pods, mainiacjoe_overflow_surrounded_room
D:8:      nzn_winding_woodlands_three_and_one [nzn_winding_woodlands_5x15_cabin,
          nzn_winding_woodlands_5x15_longhouse,
          nzn_winding_woodlands_5x15_sawtooth,
          nzn_winding_woodlands_center_triple_pond], layout_basic,
          lemuel_doored_altar, chequers_temple_overflow_minitemple

Skill      XL: |  1  2  3  4  5  6  7  8  9 |
---------------+----------------------------+-----
Spellcasting   | 5 6 |  6.9
Invocations    | 1 2 3 4 5 |  5.1
Fighting       | 1 2 3 4 |  4.7
Short Blades   | 1 2 3 4 |  4.7
Long Blades    | 1 2 3 4 |  4.7
Axes           | 1 2 3 4 |  4.7
Maces & Flails | 1 2 3 4 |  4.7
Polearms       | 1 2 3 4 |  4.7
Staves         | 1 2 3 4 |  4.7
Slings         | 1 2 3 4 |  4.7
Bows           | 1 2 3 4 |  4.7
Crossbows      | 1 2 3 4 |  4.7
Throwing       | 1 2 3 4 |  4.7
Armour         | 1 2 3 4 |  4.7
Shields        | 1 2 3 4 |  4.7
Unarmed Combat | 1 2 3 4 |  4.7
Evocations     | 1 2 3 4 |  4.7
Conjurations   | 1 2 3 |  3.9
Hexes          | 1 2 3 |  3.9
Summonings     | 1 2 3 |  3.9
Necromancy     | 1 2 3 |  3.9
Translocations | 1 2 3 |  3.9
Transmutations | 1 2 3 |  3.9
Fire Magic     | 1 2 3 |  3.9
Air Magic      | 1 2 3 |  3.9
Earth Magic    | 1 2 3 |  3.9
Poison Magic   | 1 2 3 |  3.9
Dodging        | 5 6 |  6.6
Stealth        | 5 6 |  6.3
Ice Magic      | 8 |  8.2

Action                   |  1- 3 |  4- 6 |  7- 9 || total
-------------------------+-------+-------+-------++-------
Melee: Unarmed           |    10 |       |       ||    10
       Bite              |     9 |     4 |    48 ||    61
       Dagger            |    47 |    78 |   261 ||   386
       Punch             |     3 |     3 |    13 ||    19
       Trident           |       |       |    18 ||    18
       Whip              |       |       |    12 ||    12
Throw: Javelin           |       |       |     2 ||     2
 Cast: Freeze            |    38 |    95 |    66 ||   199
       Frozen Ramparts   |       |     1 |     9 ||    10
       Ozocubu's Armour  |       |       |     4 ||     4
Invok: Unearth Wretches  |       |       |     1 ||     1
Evoke: Wand              |       |       |     8 ||     8
  Use: Scroll            |       |    11 |     1 ||    12
       Potion            |       |       |     2 ||     2
 Stab: Sleeping          |     5 |     6 |    10 ||    21
       Paralysed         |       |       |     2 ||     2
       Distracted        |       |       |     1 ||     1
Armor: Robe              |    14 |    31 |    59 ||   104
Dodge: Dodged            |    54 |    99 |   137 ||   290

Table legend: (Time is in decaauts)
 A = Elapsed time spent in this place.
 B = Non-inter-level travel time spent in this place.
 C = Inter-level travel time spent in this place.
 D = Time resting spent in this place.
 E = Time spent auto-exploring this place.
 F = Levels seen in this place.
 G = Mean time per level.
                   A        B        C        D        E       F      G
               +--------+--------+--------+--------+--------+-----+--------+
         Total |  10459 |  10222 |    237 |   2585 |   6132 |   8 | 1307.4 |
       Dungeon |  10459 |  10222 |    237 |   2585 |   6132 |   8 | 1307.4 |
               +--------+--------+--------+--------+--------+-----+--------+

Top non-repeatable levels by time:
     D:4: 2194 daAuts
     D:6: 1810 daAuts
     D:3: 1487 daAuts
     D:2: 1181 daAuts
     D:1: 1100 daAuts
     D:5: 1100 daAuts
     D:7: 1077 daAuts
     D:8: 507 daAuts
